 Dungeon Crawl Stone Soup version 0.30.1-11-g7821555f0a (webtiles) character file.

Game seed: 3021747946455638528

223742 monsoonserge the Spry (level 18, -4/87 HPs)
             Began as a Felid Summoner on Jan 2, 2024.
             Was an Initiate of Gozag.
             Blown up by a conjurer statue (7 damage)
             ... with a wavering orb of destruction
             ... in a wizard's laboratory on Jan 4, 2024.
             The game lasted 08:32:28 (65001 turns).

monsoonserge the Spry (Felid Summoner)             Turns: 65001, Time: 08:32:29

Health: -4/87      AC: 17    Str:  1    XL:     18   Next: 57%
Magic:  35/35      EV: 40    Int: 24    God:    Gozag
Gold:   5242       SH:  0    Dex: 20    Spells: 4/42 levels left
                                        Lives:  0   Deaths: 5

rFire   + +          .
                       - Unarmed
rCold   + + .        (shield unavailable)
rNeg    + + +        (body armour unavailable)
rPois   ∞            (helmet unavailable)
rElec   +            (cloak unavailable)
rCorr   +            (gloves unavailable)
SInv    +            (boots unavailable)
Will    ++++.        L - amulet "Imikhott" {Acrobat rN++}
Stlth   +++          N - ring "Micwom" {rF+ rC- rN+ Will+++ Str-2}
HPRegen 0.34/turn    O - ring of Greed {rPois rF+ rC+++ Will- rCorr}
MPRegen 0.24/turn

%: acrobat
@: storm-form, blinkbolt cooldown, flying
A: cleaving, insubstantial, flying, very small, (claws 1), (fangs 3), see
invisible, (speed 1), (shaggy fur 3), (stealthy paws), no weapons or thrown
items, no armour, multi-lived, agile 1, (cold resistance 2)
}: 1/15 runes: decaying
a: Blinkbolt, End Transformation, Renounce Religion, Potion Petition, Call
Merchant, Bribe Branch


You were in a wizard's laboratory.
You worshipped Gozag.
Gozag was greatly pleased with you.
You were a lightning-filled tempest!
You visited 9 branches of the dungeon, and saw 38 of its levels.
You also visited: Trove, Ossuary and Wizlab.

You collected 14252 gold pieces.
You spent 4200 gold pieces at shops.
You paid 4810 gold pieces to Gozag.

Inventory:

Armour
 T - a +2 buckler of protection
Jewellery
 c - the amulet of Qiofeitur {Reflect rElec SH+5}
   (You found it in a treasure trove)

   [amulet of reflection]

   It reflects blocked missile attacks.
   rElec:     It insulates you from electricity.
   SH:        It affects your SH (+5).
 g - the ring "Nesevvis" {Str+3 Dex+6}
   (You found it on level 2 of the Orcish Mines)

   [ring of dexterity]

   Str:       It affects your strength (+3).
   Dex:       It affects your dexterity (+6).
 r - an amulet of regeneration
 y - a ring of willpower
 z - the ring "Udigiem" {rPois rCorr EV+5 Stlth+}
   (You bought it in a shop on level 2 of the Orcish Mines)

   [ring of evasion]

   EV:        It affects your evasion (+5).
   rPois:     It protects you from poison.
   rCorr:     It protects you from acid and corrosion.
   Stlth:     It makes you more stealthy.
 F - an amulet of magic regeneration
 G - a ring of positive energy
 J - a ring of flight
 L - the amulet "Imikhott" (around neck) {Acrobat rN++}
   (You found it in a treasure trove)

   [amulet of the acrobat]

   It increases your evasion while moving and waiting.
   rN:        It greatly protects you from negative energy.
 N - the ring "Micwom" (left paw) {rF+ rC- rN+ Will+++ Str-2}
   (You found it in a treasure trove)

   [ring of protection from fire]

   Str:       It affects your strength (-2).
   rF:        It protects you from fire.
   rC:        It makes you vulnerable to cold.
   rN:        It protects you from negative energy.
   Will:      It greatly increases your willpower.
 O - the ring of Greed (right paw) {rPois rF+ rC+++ Will- rCorr}
   (You bought it in a shop on level 3 of the Lair of Beasts)

   [ring of resist corrosion]

   rF:        It protects you from fire.
   rC:        It renders you almost immune to cold.
   rPois:     It protects you from poison.
   rCorr:     It protects you from acid and corrosion.
   Will:      It decreases your willpower.
 P - the ring "Mergh" {Ice rN+ Slay+2}
   (You found it in a treasure trove)

   [ring of ice]

   It enhances your ice magic.
   Slay:      It affects your accuracy & damage with ranged weapons and melee
   (+2).
   rF:        It makes you vulnerable to fire.
   rC:        It protects you from cold.
   rN:        It protects you from negative energy.
 Q - a ring of wizardry
 R - the ring of Fuogapav {rF+ rC+}
   (You found it in a treasure trove)

   [ring of protection from cold]

   rF:        It protects you from fire.
   rC:        It protects you from cold.
 S - a ring of fire
Wands
 x - a wand of polymorph (6)
 B - a wand of charming (30)
 K - a wand of iceblast (12)
 V - a wand of acid (3)
 Y - a wand of flame (28)
Scrolls
 b - 3 scrolls of silence
 h - 6 scrolls of poison
 k - a scroll of blinking
 m - 7 scrolls of fear
 p - 7 scrolls of fog
 q - 12 scrolls of identify
 t - 6 scrolls of teleportation
 u - 7 scrolls of immolation
 w - 3 scrolls of torment
 D - 3 scrolls of butterflies
 E - a scroll of amnesia
 H - 3 scrolls of vulnerability
 I - a scroll of magic mapping
Potions
 a - 3 potions of magic
 d - 7 potions of lignification
 e - 5 potions of cancellation
 i - 10 potions of attraction
 j - 9 potions of curing
 l - 6 potions of haste
 n - 6 potions of brilliance
 o - 3 potions of mutation
 s - 2 potions of berserk rage
 v - 4 potions of resistance
 A - 3 potions of invisibility
 C - 3 potions of might
 W - a potion of heal wounds
Miscellaneous
 f - a condenser vane
 M - a phial of floods
 U - a phantom mirror
 X - a lightning rod (4/4)
 Z - a box of beasts (inert)


   Skills:
 + Level 14.1 Fighting
 + Level 17.6 Dodging
 - Level 5.0 Stealth
 * Level 13.2 Unarmed Combat
 + Level 12.5 Spellcasting
 - Level 5.0 Hexes
 * Level 10.8 Summonings
 - Level 15.0 Translocations
 + Level 16.2 Transmutations
 - Level 14.0 Air Magic
 - Level 7.0 Evocations


You had 4 spell levels left.
You knew the following spells:

 Your Spells              Type           Power      Damage    Failure   Level
a - Yara's Violent Unrav  Hex/Tmut       30%        3d13      1%          5
b - Wereblood             Tmut           75%        N/A       0%          2
c - Call Canine Familiar  Summ           61%        N/A       1%          3
d - Summon Guardian Gole  Hex/Summ       52%        N/A       1%          3
e - Summon Lightning Spi  Summ/Air       65%        N/A       1%          4
f - Blink                 Tloc           100%       N/A       0%          2
g - Swiftness             Air            70%        N/A       1%          3
h - Summon Forest         Summ/Tloc      33%        N/A       1%          5
i - Storm Form            Tmut/Air       36%        N/A       7%          7
j - Manifold Assault      Tloc           72%        N/A       1%          4

Your spell library contained the following spells:

 Spells                   Type           Power      Damage    Failure   Level
 Apportation              Tloc           100%       N/A       0%          1
 Beastly Appendage        Tmut           100%       N/A       0%          1
 Slow                     Hex            100%       N/A       1%          1
 Summon Small Mammal      Summ           100%       N/A       1%          1
 Call Imp                 Summ           100%       N/A       1%          2
 Cigotuvi's Dreadful Rot  Necr/Pois/Air  74%        N/A       1%          2
 Passwall                 Tmut/Erth      43%        N/A       1%          2
 Confusing Touch          Hex            39%        N/A       1%          3
 Spider Form              Tmut/Pois      52%        N/A       1%          3
 Tukima's Dance           Hex            39%        N/A       1%          3
 Vhi's Electric Charge    Tloc/Air       100%       N/A       1%          3
 Volatile Blastmotes      Fire/Tloc      100%       2d18      1%          3
 Iskenderun's Mystic Bla  Conj/Tloc      50%        2d11      1%          4
 Passage of Golubria      Tloc           72%        N/A       1%          4
 Ensorcelled Hibernation  Hex/Ice        54%        N/A       2%          2
 Necrotise                Necr           60%        1d7       4%          1
 Sandblast                Erth           30%        2d9       4%          1
 Dazzling Flash           Conj/Hex       54%        N/A       4%          3
 Ozocubu's Armour         Ice            15%        N/A       12%         3
 Stone Arrow              Conj/Erth      30%        3d8       12%         3
 Vampiric Draining        Necr           15%        2d7       12%         3
 Dispel Undead            Necr           15%        3d10      38%         4
 Blade Hands              Tmut           37%        N/A       1%          5
 Arcjolt                  Conj/Air       24%        1d34      6%          5
 Eringya's Noxious Bog    Tmut/Pois      26%        N/A       22%         6
 Plasma Beam              Fire/Air       24%        2x1d39    34%         6
 Summon Hydra             Summ           30%        N/A       36%         7
 Metabolic Englaciation   Hex/Ice        13%        N/A       38%         5
 Death Channel            Necr           7%         N/A       99%         6
 Iron Shot                Conj/Erth      7%         9d2       99%         6
 Starburst                Conj/Fire      7%         6d4       99%         6
 Ozocubu's Refrigeration  Ice            7%         4d9       100%        7
 Polar Vortex             Ice            7%         N/A       100%        9
 Animate Armour           Summ/Erth      Unusable   N/A       N/A         4
 Simulacrum               Ice/Necr       Unusable   N/A       N/A         6

Dungeon Overview and Level Annotations

Branches:
Dungeon (15/15)            Temple (1/1) D:5            Lair (5/5) D:9
  Swamp (4/4) Lair:3        Snake (4/4) Lair:2        Slime (2/5) Lair:4
    Orc (2/2) D:9             Elf (1/3) Orc:2        Vaults (4/5) D:14
  Crypt (0/3) Vaults:2     Depths (0/4) D:15        Ossuary (visited)
 WizLab (1/1)

Altars:
Ashenzari
Cheibriados
Dithmenos
Elyvilon
Fedhas
Gozag
Hepliaklqana
Kikubaaqudgha
Makhleb
Nemelex Xobeh
Okawaru
Qazlal
Ru
Sif Muna
Trog
Uskayaw
Vehumet
Wu Jian
Xom
Yredelemnul
Zin
The Shining One
Jiyva

Shops:
D:9 ?   D:11 *   D:14 ?   Orc:1 !*[   Orc:2 ****   Lair:2 =   Lair:3 =
Vaults:2 *   Vaults:4 (

Annotations:
Snake:3 1 runed translucent door, Vashnia
Vaults:2 Xafer's ghost, adept DsGl WizLab exclusion: 2 statues


Innate Abilities, Weirdness & Mutations

You are a lightning-filled tempest!
Your electrical attacks strike out in all directions at once.
You are incredibly evasive.
Your insubstantial body is immune to petrification, constriction, and being set on fire You are flying.
You are immune to poison.
((You have sharp claws.))
((You have razor-sharp teeth.))
You have supernaturally acute eyesight. (SInv)
((You cover ground quickly. (Speed+)))
((Your thick and shaggy fur keeps you warm. (AC +3, rC+)))
((Your paws help you pounce on unaware monsters.))
You are incapable of wielding weapons or throwing items.
You cannot wear armour.
You gain extra lives every three experience levels.
You are agile. (Dex +4, Str/Int -1)
((Your flesh is very cold resistant. (rC++)))


Message History

Aim: a conjurer statue (100% to hit)
The shock of your passage hits the conjurer statue.
The conjurer statue resists.
The conjurer statue is lightly damaged.
You blink.
Found 3 gold pieces.
The conjurer statue conjures a glowing orb.
The wavering orb of destruction weakly hits you!!
You buffet the conjurer statue!
The conjurer statue is lightly damaged.
You hit the conjurer statue.
The conjurer statue is moderately damaged.
The conjurer statue conjures an orb of pure magic.
The wavering orb of destruction weakly hits you!!
You batter the conjurer statue!!
You punch the conjurer statue, but do no damage.
The conjurer statue is heavily damaged.
You hit the conjurer statue.
You punch the conjurer statue, but do no damage.
The conjurer statue is heavily damaged.
The conjurer statue conjures an orb of pure magic.
The wavering orb of destruction weakly hits you!!
* * * LOW HITPOINT WARNING * * *
You batter the conjurer statue!!
The conjurer statue is severely damaged.
You hit the conjurer statue but do no damage.
The conjurer statue is severely damaged.
You hit the conjurer statue but do no damage.
The conjurer statue is severely damaged.
You batter the conjurer statue!!
The conjurer statue is almost destroyed.
The conjurer statue conjures a glowing orb.
The wavering orb of destruction weakly hits you!!
* * * LOW HITPOINT WARNING * * *
You buffet the conjurer statue!
The conjurer statue is almost destroyed.
You hit the conjurer statue.
The conjurer statue is almost destroyed.
The conjurer statue conjures a glowing orb.
The wavering orb of destruction weakly hits you!
You die...

## ## ################
##.#.#.#.#.#.##§##.#.#.
#.#.#.#.#.#.#.#.#.#.#.#
§##.............#.......
#§......................
#§§§....................
§§.§.........$.........[
......8v......#...#.....
............#.##.##.#...
...........###.....###..
..........#.#.##+##.#.#.
.........#.#.# #.#.#
........###. # ##.##
......... ## ##.#
.$.$...## #[ #.


You could see a conjurer statue.

Vanquished Creatures
  An ancient lich (Vaults:1)
  Bai Suzhen (Swamp:3)
  A golden dragon (Vaults:1)
  Nikola (Snake:2)
  Rupert (D:15)
  4 sphinxes
  Agnes (D:14)
  A tengu reaver (Vaults:1)
  A fenstrider witch (Swamp:2)
  2 frost giants
  Aizul (Swamp:3)
  4 vault wardens
  The ghost of Anandil the Fencer, a journeyman DsFi of Ru (Orc:2)
  Louise (D:15)
  An orc warlord (Vaults:4)
  A war gargoyle (Vaults:1)
  4 ironbound thunderhulks
  8 ironbound preservers
  Nessos (D:15)
  6 purple draconians (WizLab)
  A bunyip (Swamp:2)
  3 eleionomae
  2 dire elephants (Vaults:4)
  5 statues (WizLab)
  A crystal guardian (Vaults:1)
  An entropy weaver (Vaults:1)
  2 great orbs of eyes (Vaults:1)
  A shambling mangrove (Swamp:4)
  5 yaktaur captains
  A peacekeeper (Vaults:1)
  6 hydras (Swamp:4)
  3 centaur warriors (Vaults:1)
  5 ironbound frosthearts
  3 boulder beetles
  2 alligators (Swamp:2)
  A dancing weapon (Elf:1)
  3 anacondas
  3 naga warriors
  A death yak (shapeshifter) (D:14)
  A deep troll earth mage (Vaults:1)
  A tengu warrior (D:14)
  3 shock serpents
  4 deep elf knights (Elf:1)
  6 spriggans
  A salamander mystic (Snake:2)
  A goliath frog (Swamp:3)
  2 skeletal warriors (D:15)
  A naga ritualist (Snake:2)
  22 deep trolls
  An orange crystal statue (Lair:5)
  3 spriggan druids
  4 wizards
  2 lindwurms (Vaults:1)
  5 swamp dragons (Swamp:4)
  A deep elf archer (Elf:1)
  A wolf spider zombie (D:15)
  6 deep elf zephyrmancers (Elf:1)
  4 orc knights
  8 ironbound convokers
  2 ugly things
  5 deep elf pyromancers (Elf:1)
  2 necromancers
  3 salamanders (Snake:2)
  3 mana vipers
  A will-o-the-wisp (Swamp:1)
  A cyclops (D:15)
  9 vault sentinels
  A guardian serpent (Snake:4)
  11 black mambas
  A centaur zombie (D:15)
  7 naga magi
  A centaur skeleton (D:15)
  A yaktaur zombie (Vaults:1)
  4 yaktaurs (Vaults:3)
  An efreet (D:14)
  11 tengu conjurers (WizLab)
  6 hornets
  5 tyrant leeches
  A centaur simulacrum (D:15)
  24 slime creatures
  3 air elementals
  An ettin skeleton (Vaults:1)
  A water elemental (D:14)
  A fire elemental (Elf:1)
  A yak (D:10)
  A hog (D:14)
  7 humans (D:14)
  10 vampire mosquitoes
  5 redbacks
  A warg (Orc:1)
  3 nagas
  7 swamp worms
  2 orc warriors
  6 swamp drakes
  A sky beast (shapeshifter) (D:15)
  6 boggarts
  3 kobold brigands
  An earth elemental (Elf:1)
  A scorpion (D:4)
  5 orc priests
  2 orc wizards
  A boggart simulacrum (D:15)
  3 adders
  An ufetubus (D:4)
  15 orcs
  3 ball pythons
  2 bats (D:2)
  An endoplasm (D:3)
  A giant cockroach (D:1)
  A gnoll zombie (Ossuary)
  2 goblins (D:2)
  3 hobgoblins (D:1)
  2 jackals (D:2)
  2 kobolds
  2 quokkas
  A frilled lizard (D:1)
  A hobgoblin zombie (Ossuary)
  3 rats (D:1)
  A spectral goblin (Ossuary)
381 creatures vanquished.

Vanquished Creatures (collateral kills)
  Jorgrun (Swamp:3)
  A sphinx (Vaults:2)
  Kirke (D:14)
  A fenstrider witch (Swamp:4)
  The ghost of PrincessEmiBear the Bludgeoner, a journeyman MiHu of the Shining One (Snake:2)
  An orc warlord (Vaults:4)
  4 ironbound preservers
  An ironbound thunderhulk (Vaults:2)
  A quicksilver ooze (Slime:1)
  A purple draconian (WizLab)
  A bunyip (Swamp:3)
  A dire elephant (Vaults:1)
  An ettin (Vaults:2)
  A statue (WizLab)
  An entropy weaver (shapeshifter) (Elf:1)
  A shambling mangrove (Swamp:2)
  3 yaktaur captains
  Fannar (D:10)
  Josephine (D:15)
  2 great orbs of eyes
  A spriggan air mage (Swamp:4)
  7 hydras
  5 two-headed ogres
  A ghost crab (Swamp:3)
  An anaconda (Snake:1)
  An alligator (Swamp:2)
  3 catoblepae
  3 centaur warriors
  5 dancing weapons
  2 boulder beetles
  2 tengu warriors
  4 naga warriors (Snake:2)
  A shock serpent (Snake:2)
  A deep troll shaman (Lair:5)
  10 death yaks
  6 naga sharpshooters
  2 spriggan berserkers (Swamp:4)
  6 orc high priests (Orc:2)
  Nergalle (Lair:3)
  Amaemon (Lair:3)
  2 deep elf knights (Elf:1)
  6 skeletal warriors
  A skyshark (Lair:4)
  3 goliath frogs
  17 deep trolls
  3 spriggan druids
  2 bog bodies
  An orange crystal statue (D:10)
  A lindwurm (Lair:5)
  2 orc knights
  An obsidian statue (Vaults:2)
  8 swamp dragons
  3 naga ritualists
  2 necromancers
  3 harpies (Vaults:2)
  2 ironbound convokers (Vaults:2)
  The ghost of TheBioAlchemist the Trooper, a novice DjSu of Hepliaklqana (D:6)
  An orc sorcerer (D:15)
  4 deep elf zephyrmancers (Elf:1)
  4 mana vipers
  3 deep elf archers (Elf:1)
  4 deep elf pyromancers
  7 ugly things
  9 salamanders
  4 cyclopes
  A manticore (D:12)
  18 elephants
  22 black mambas
  A vault sentinel (Vaults:3)
  2 gargoyles (D:12)
  3 guardian serpents
  An orange demon (Lair:3)
  10 naga magi
  9 cane toads
  Maggie (Lair:2)
  A torpor snail (Lair:2)
  4 rime drakes
  An unseen horror (D:11)
  2 kobold demonologists (D:10)
  3 yaktaurs (Vaults:3)
  5 tengu conjurers
  12 komodo dragons
  An efreet (D:14)
  6 tyrant leeches
  3 meliai (D:14)
  3 polar bears
  9 hornets
  3 trolls
  A dream sheep (shapeshifter) (D:13)
  12 blink frogs
  A dream sheep (Lair:3)
  10 slime creatures
  6 spriggans
  A shadow (D:12)
  35 yaks
  9 wyverns
  7 humans (D:14)
  A vampire (D:13)
  4 basilisks
  4 hogs (D:14)
  9 wraiths
  2 steam dragons (D:9)
  A fire elemental (Elf:1)
  5 neqoxecs (Orc:2)
  The ghost of TheBioAlchemist the Vexing, an amateur GnHs (D:4)
  12 vampire mosquitoes
  6 redbacks
  6 swamp worms
  32 nagas
  6 wargs (Orc:2)
  An ogre zombie (Vaults:1)
  An acid dragon (D:9)
  15 water moccasins
  4 swamp drakes
  12 orc warriors
  2 ice beasts
  4 black bears
  5 ogres
  9 wolves
  3 boggarts
  14 centaurs
  A phantom (D:4)
  4 kobold brigands
  A gnoll sergeant (D:11)
  14 bullfrogs
  An earth elemental (Elf:1)
  2 scorpions
  2 wights (D:6)
  4 killer bees
  An electric eel (Lair:4)
  3 howler monkeys
  3 lava snakes (Lair:5)
  3 quasits (Orc:2)
  A hound (D:5)
  6 jellies
  Crazy Yiuf (D:2)
  30 orc priests
  A gnoll bouda (D:4)
  3 iguanas
  21 orc wizards
  A mummy (Ossuary)
  9 gnolls
  5 adders
  2 shadow imps
  A worm (D:2)
  3 dart slugs
  83 orcs
  5 spectral bats (Ossuary)
  9 ball pythons
  6 bats
  4 endoplasms
  2 giant cockroaches
  11 gnoll zombies (Ossuary)
  7 goblins
  7 hobgoblins
  3 jackals (D:2)
  A bat simulacrum (Ossuary)
  A frilled lizard (D:1)
  2 goblin simulacra (Ossuary)
  5 goblin zombies (Ossuary)
  2 hobgoblin zombies (Ossuary)
  33 kobolds
  3 kobold simulacra (Ossuary)
  4 kobold zombies (Ossuary)
  6 orc zombies (Ossuary)
  2 rats
  6 rat simulacra (Ossuary)
  3 spectral goblins (Ossuary)
  2 spectral kobolds (Ossuary)
  A snaplasher vine (Orc:2)
876 creatures vanquished.

Vanquished Creatures (others)
  A vault warden (Vaults:3)
  An ironbound preserver (Vaults:1)
  An eleionoma (Swamp:1)
  2 dire elephants (Vaults:1)
  An entropy weaver (Vaults:1)
  2 hydras (Lair:3)
  3 vault guards (D:14)
  2 anacondas
  2 centaur warriors
  A boulder beetle (D:13)
  A tengu warrior (D:15)
  3 naga sharpshooters (Snake:1)
  A shock serpent (Snake:4)
  Sonja (Lair:2)
  3 deep trolls (Vaults:1)
  A skyshark (Lair:2)
  A deep elf archer (Elf:1)
  An orc knight (Vaults:4)
  A deep elf zephyrmancer (Elf:1)
  2 deep elf pyromancers (Elf:1)
  A mana viper (Snake:1)
  A black mamba (Lair:5)
  An elephant (Lair:3)
  A cane toad (Lair:5)
  A gargoyle (D:13)
  2 yaktaurs
  A komodo dragon (Lair:2)
  A tengu conjurer (WizLab)
  3 meliai
  A polar bear (Lair:2)
  2 bloated husks
  2 hornets (Swamp:4)
  A troll (Orc:1)
  A blink frog (Lair:2)
  3 slime creatures
  An air elemental (Elf:1)
  A water elemental (Elf:1)
  6 yaks
  A hog (D:14)
  5 humans (D:14)
  A golden eye (shapeshifter) (D:15)
  A fire elemental (Elf:1)
  A dancing weapon (Snake:3)
  3 orc warriors
  An ice beast (D:5)
  5 wolves
  A kobold brigand (D:7)
  A wight (D:6)
  3 electric eels (D:14)
  2 sleepcaps (D:6)
  An iguana (D:7)
  2 orc wizards
  2 orcs
  A kobold (D:7)
  12 foxfires (Swamp:1)
  55 snaplasher vines
159 creatures vanquished.

Grand Total: 1416 creatures vanquished

Notes
Turn   | Place    | Note
-------+----------+-------------------------------------------
     0 | D:1      | monsoonserge the Felid Summoner began the quest for the
                  | Orb.
     0 | D:1      | Reached XP level 1. HP: 7/7 MP: 4/4
   254 | D:1      | Reached skill level 1 in Fighting
   254 | D:1      | Reached XP level 2. HP: 12/12 MP: 0/6
   374 | D:1      | Learned a level 2 spell: Call Imp
   497 | D:1      | Reached XP level 3. HP: 15/15 MP: 2/7
   501 | D:1      | Learned a level 3 spell: Call Canine Familiar
  1560 | D:1      | Found a faded altar of an unknown god.
  1745 | D:2      | Reached skill level 5 in Summonings
  1745 | D:2      | Reached XP level 4. HP: 18/19 MP: 5/9
  2044 | D:2      | Learned a level 3 spell: Summon Guardian Golem
  2116 | D:2      | Found a runed translucent door.
  2117 | D:2      | Noticed Crazy Yiuf
  2665 | D:2      | Reached skill level 1 in Hexes
  2665 | D:2      | Reached XP level 5. HP: 22/22 MP: 6/10
  2868 | D:2      | Killed Crazy Yiuf
  2869 | D:2      | Reached skill level 3 in Dodging
  3181 | D:3      | Identified the +1 robe of Bitterness {*Corrode rF+ rN+
                  | Will+}
  3559 | D:4      | Found a shimmering altar of Xom.
  3711 | D:4      | Found a sparkling altar of Nemelex Xobeh.
  3711 | D:4      | Found a snail-covered altar of Cheibriados.
  3712 | D:4      | Found a broken altar of Ashenzari.
  3713 | D:4      | Found a radiant altar of Vehumet.
  3713 | D:4      | Found an iron altar of Okawaru.
  3713 | D:4      | Found a basalt altar of Yredelemnul.
  3714 | D:4      | Found an ancient bone altar of Kikubaaqudgha.
  3935 | D:4      | Found a runed translucent gate.
  3936 | D:4      | Found a runed translucent gate.
  3937 | D:4      | Found a runed translucent gate.
  3939 | D:4      | Noticed TheBioAlchemist's ghost (amateur GnHs)
  3941 | D:4      | Identified the +1 short sword of the Magi {spect, *Slow
                  | Str+3 Stlth+}
  3975 | D:4      | Noticed a phantom
  3985 | D:5      | Entered Level 5 of the Dungeon
  4005 | D:5      | Noticed an ice beast
  4027 | D:5      | Killed an ice beast
  4028 | D:5      | Gained mutation: You are covered in thick fur. (AC +2)
                  | [Felid growth]
  4028 | D:5      | Reached XP level 6. HP: 26/26 MP: 3/12
  4150 | D:4      | Found a glowing golden altar of the Shining One.
  4721 | D:5      | Found a sand-covered staircase.
  4726 | Ossuary  | Entered an ossuary
  4890 | Ossuary  | Reached skill level 4 in Dodging
  5347 | D:5      | Reached XP level 7. HP: 30/30 MP: 3/14
  5433 | D:5      | Learned a level 4 spell: Summon Lightning Spire
  5929 | D:4      | Reached skill level 1 in Air Magic
  6122 | D:5      | Found a staircase to the Ecumenical Temple.
  6131 | Temple   | Entered the Ecumenical Temple
  6362 | D:5      | Found an ornate altar of the Wu Jian Council.
  6710 | D:6      | Reached skill level 5 in Dodging
  6712 | D:6      | Noticed a boulder beetle
  6716 | D:6      | Reached XP level 8. HP: 34/34 MP: 6/15
  6859 | D:6      | Found a runed translucent door.
  6876 | D:6      | Reached skill level 5 in Hexes
  7992 | D:7      | Reached skill level 5 in Spellcasting
  8165 | D:7      | Reached skill level 6 in Dodging
  8432 | D:7      | Identified the +1 ring mail of the Tarantula {rC- Regen+
                  | Str+4}
  8661 | D:7      | Reached XP level 9. HP: 39/39 MP: 10/17
  8970 | D:6      | Noticed TheBioAlchemist's ghost (novice DjSu)
  9208 | D:5      | Mangled by a boulder beetle
  9209 | D:5      | Reached XP level 8. HP: -11/36 MP: 14/16
  9337 | D:8      | Identified the +0 leather armour of the Onion {rN+ rCorr}
  9360 | D:8      | Found a viscous altar of Jiyva.
  9764 | D:8      | Identified the +1 quarterstaff "Omoely" {spect, SInv}
  9853 | D:8      | Reached skill level 5 in Fighting
  9869 | D:8      | Reached skill level 7 in Dodging
 10209 | D:8      | Reached skill level 5 in Air Magic
 10325 | D:8      | Reached XP level 9. HP: 40/40 MP: 15/18
 10755 | D:4      | Killed TheBioAlchemist's ghost
 11053 | D:9      | Found a staircase to the Orcish Mines.
 11057 | D:9      | Paralysed by a hornet for 3 turns
 11359 | D:9      | Reached skill level 8 in Dodging
 11667 | D:9      | Noticed a deep elf pyromancer
 11678 | D:9      | Killed a deep elf pyromancer
 11718 | D:9      | Noticed a troll
 11722 | D:9      | Reached XP level 10. HP: 45/45 MP: 10/20
 11743 | D:9      | Noticed a two-headed ogre
 11751 | D:9      | Killed a two-headed ogre
 11813 | D:9      | Reached skill level 9 in Dodging
 12651 | D:9      | Found a staircase to the Lair.
 12687 | D:9      | Learned a level 2 spell: Blink
 12802 | D:9      | Reached skill level 1 in Translocations
 13003 | D:10     | Entered Level 10 of the Dungeon
 13078 | D:10     | Noticed a two-headed ogre
 13140 | D:10     | Noticed an orange crystal statue
 13202 | D:10     | Noticed an orange demon
 13447 | D:10     | Found an opulent altar of Gozag.
 13460 | D:10     | Became a worshipper of Gozag Ym Sagoz the Greedy
 13666 | D:10     | Noticed a two-headed ogre
 13680 | D:10     | Killed a two-headed ogre
 13681 | D:10     | Reached XP level 11. HP: 50/50 MP: 9/23
 13861 | D:10     | Noticed Fannar
 14148 | Lair:1   | Entered Level 1 of the Lair of Beasts
 14336 | Lair:1   | Reached skill level 10 in Dodging
 14684 | Lair:1   | Reached skill level 5 in Translocations
 15361 | Lair:2   | Noticed a skyshark
 15380 | Lair:2   | Killed a skyshark
 15381 | Lair:2   | Reached skill level 11 in Dodging
 15381 | Lair:2   | Reached skill level 1 in Evocations
 15400 | Lair:2   | Slain by a wyvern
 15401 | Lair:2   | Reached XP level 10. HP: 0/48 MP: 11/23
 15401 | Lair:2   | Noticed a black mamba
 15401 | Lair:2   | Noticed a black mamba
 15406 | Lair:2   | Found a staircase to the Snake Pit.
 15406 | Lair:2   | Noticed Maggie
 15407 | Lair:2   | Identified the +9 flail of Zunell {freeze, rCorr Str-3
                  | SInv}
 15432 | Lair:2   | Killed Maggie
 15479 | Lair:2   | Noticed a black mamba
 15489 | Lair:2   | Killed a black mamba
 15490 | Lair:2   | Reached XP level 11. HP: 24/52 MP: 20/24
 15605 | Lair:2   | Noticed Sonja
 15933 | Orc:1    | Entered Level 1 of the Orcish Mines
 15940 | Orc:1    | Reached skill level 10 in Summonings
 15944 | Orc:1    | Learned a level 3 spell: Swiftness
 16089 | Orc:2    | Entered Level 2 of the Orcish Mines
 16173 | Orc:2    | Found a staircase to the Elven Halls.
 16309 | Orc:2    | Found a transporter.
 16412 | Orc:2    | Noticed Anandil's ghost (journeyman DsFi)
 16416 | Orc:2    | Noticed an orc high priest
 16424 | Orc:2    | Killed an orc high priest
 16480 | Orc:2    | Noticed an orc high priest
 16492 | Orc:2    | Killed an orc high priest
 16675 | Orc:2    | Noticed an orc high priest
 16684 | Orc:2    | Noticed a soul eater
 16686 | Orc:2    | Noticed a sixfirhy
 16686 | Orc:2    | Killed an orc high priest
 16845 | Orc:2    | Reached skill level 12 in Dodging
 17243 | Orc:1    | Found Racen's Antique Armour Emporium.
 17383 | Orc:1    | Found Diez Moe's General Store.
 17408 | Orc:1    | Found Caskog's Distillery.
 17416 | Orc:1    | Bought a potion of might for 60 gold pieces
 17416 | Orc:1    | Bought a potion of haste for 150 gold pieces
 17689 | Orc:2    | Noticed an orc high priest
 17706 | Orc:2    | Noticed a sun demon
 17707 | Orc:2    | Killed an orc high priest
 17745 | Orc:2    | Noticed an orc high priest
 18336 | D:11     | Noticed a boulder beetle
 18601 | Lair:2   | Gained mutation: Your thick and shaggy fur keeps you warm.
                  | (AC +3, rC+) [Felid growth]
 18601 | Lair:2   | Reached XP level 12. HP: 58/58 MP: 10/26
 18636 | Lair:2   | Reached skill level 10 in Fighting
 18636 | Lair:2   | Reached skill level 13 in Dodging
 18660 | Lair:2   | Killed Sonja
 18937 | Lair:2   | Slain by a black mamba
 18938 | Lair:2   | Reached XP level 11. HP: -3/54 MP: 19/25
 18981 | Lair:2   | Reached skill level 10 in Spellcasting
 19865 | Lair:3   | Noticed Nergalle
 20107 | Orc:2    | Killed an orc high priest
 20146 | Orc:2    | Found a transporter.
 20163 | Orc:2    | Found Tuuwazog's General Store.
 20163 | Orc:2    | Found Xufurhe's Assorted Antiques.
 20223 | Orc:2    | Found Hykh's Assorted Antiques.
 20223 | Orc:2    | Found Soiwen's General Store.
 20301 | Orc:2    | Bought the ring "Udigiem" {rPois rCorr EV+5 Stlth+} for 778
                  | gold pieces
 20365 | Orc:2    | Reached skill level 1 in Unarmed Combat
 20494 | Orc:2    | Noticed an orc high priest
 20502 | Orc:2    | Killed an orc high priest
 21116 | D:11     | Reached skill level 14 in Dodging
 21116 | D:11     | Reached skill level 1 in Transmutations
 21561 | D:6      | Killed TheBioAlchemist's ghost
 21585 | D:6      | Killed a boulder beetle
 21586 | D:6      | Reached XP level 12. HP: 48/59 MP: 21/27
 21921 | D:11     | Killed a boulder beetle
 21971 | D:11     | Noticed a two-headed ogre
 22084 | D:11     | Killed a two-headed ogre
 22137 | D:11     | Noticed a two-headed ogre
 22145 | D:11     | Killed a two-headed ogre
 22195 | D:12     | Noticed a two-headed ogre
 22240 | D:12     | Found a portal to a secret trove of treasure.
 22411 | D:10     | Killed Fannar
 22505 | Orc:1    | Bought 2 potions of heal wounds for 150 gold pieces
 22505 | Orc:1    | Bought a potion of heal wounds for 75 gold pieces
 22682 | D:12     | You paid a toll of 10 potions of heal wounds to enter a
                  | treasure trove
 22683 | Trove    | Entered a treasure trove
 22685 | Trove    | Identified the +0 buckler of Watchfulness {rCorr}
 22686 | Trove    | Identified the amulet of Qiofeitur {Reflect rElec SH+5}
 22698 | Trove    | Identified the amulet "Imikhott" {Acrobat rN++}
 22702 | Trove    | Identified the +3 kite shield of Hifo {+Inv rF- Str+9
                  | Dex-4}
 22711 | Trove    | Identified the ring "Micwom" {rF+ rC- rN+ Will+++ Str-2}
 22719 | Trove    | Identified the +0 hat of Plog {Will+}
 22733 | Trove    | Identified the ring "Mergh" {Ice rN+ Slay+2}
 22743 | Trove    | Identified the ring of Fuogapav {rF+ rC+}
 22971 | D:12     | Killed a two-headed ogre
 23048 | D:12     | Reached skill level 5 in Transmutations
 23351 | D:12     | Identified the staff of conjuration "Sounitay" {Dex+2}
 24161 | D:13     | Noticed a centaur warrior
 24172 | D:13     | Killed a centaur warrior
 24419 | D:13     | Noticed a tengu warrior
 24720 | D:13     | Noticed a centaur warrior
 24737 | D:13     | Killed a centaur warrior
 24838 | D:13     | Killed a tengu warrior
 24897 | D:13     | Noticed a boulder beetle
 24912 | D:13     | Killed a boulder beetle
 25178 | D:13     | Reached XP level 13. HP: 63/63 MP: 21/28
 26550 | Orc:2    | Bought a tapered bone wand for 112 gold pieces
 26566 | Orc:2    | Bought a scroll of blinking for 105 gold pieces
 26566 | Orc:2    | Bought a potion of mutation for 112 gold pieces
 26568 | Orc:2    | Bought a scroll of identify for 28 gold pieces
 26846 | Lair:3   | Killed Nergalle
 26890 | Lair:3   | Found a staircase to the Swamp.
 27861 | Lair:3   | Noticed Amaemon
 27878 | Lair:3   | Killed Amaemon
 27879 | Lair:3   | Reached skill level 10 in Transmutations
 28850 | Lair:4   | Found a staircase to the Slime Pits.
 28855 | Lair:4   | Found a viscous altar of Jiyva.
 29734 | Lair:4   | Reached XP level 14. HP: 67/67 MP: 17/29
 30007 | Lair:5   | Entered Level 5 of the Lair of Beasts
 30046 | Lair:4   | Reached skill level 10 in Air Magic
 30721 | Lair:5   | Learned a level 5 spell: Summon Forest
 31507 | Lair:5   | Identified the staff of earth "Dilog" {Dex+2}
 32379 | Orc:2    | Gained mutation: Your spells are a little easier to cast,
                  | but a little less powerful. [a neqoxec]
 32401 | Orc:2    | Identified the ring "Nesevvis" {Str+3 Dex+6}
 33018 | D:9      | Learned a level 7 spell: Storm Form
 33616 | D:14     | Noticed Agnes
 33757 | D:14     | Reached skill level 10 in Translocations
 34325 | D:15     | Entered Level 15 of the Dungeon
 34519 | D:15     | Noticed Josephine
 34530 | D:15     | Killed Josephine
 34554 | D:15     | Noticed Rupert
 34557 | D:15     | Noticed Nessos
 34791 | D:9      | Bought a scroll of blinking for 120 gold pieces
 34948 | Snake:1  | Entered Level 1 of the Snake Pit
 36485 | Snake:1  | Reached XP level 15. HP: 71/71 MP: 20/30
 37582 | Snake:2  | Noticed Nikola
 37698 | Swamp:1  | Entered Level 1 of the Swamp
 38083 | Lair:3   | Learned a level 4 spell: Manifold Assault
 39341 | Lair:3   | Bought the ring of Greed {rPois rF+ rC+++ Will- rCorr} for
                  | 759 gold pieces
 39496 | Swamp:2  | Noticed a fenstrider witch
 39978 | D:14     | Found a transporter.
 39987 | D:14     | Found a transporter.
 40007 | D:14     | Found a transporter.
 40007 | D:14     | Found a transporter.
 40120 | D:14     | Reached skill level 5 in Unarmed Combat
 40358 | D:14     | Noticed Kirke
 40374 | D:14     | Killed Kirke
 40681 | D:14     | Found a transporter.
 40688 | D:14     | Found a transporter.
 40822 | D:14     | Gained mutation: You are vulnerable to heat. (rF-)
                  | [mutagenic glow]
 40852 | D:14     | Lost mutation: You are vulnerable to heat. (rF-) [potion of
                  | mutation]
 40852 | D:14     | Lost mutation: Your spells are a little easier to cast, but
                  | a little less powerful. [potion of mutation]
 40852 | D:14     | Gained mutation: Your flesh is cold resistant. (rC+)
                  | [potion of mutation]
 40852 | D:14     | Gained mutation: Your flesh is very cold resistant. (rC++)
                  | [potion of mutation]
 40852 | D:14     | Gained mutation: You are agile. (Dex +4, Str/Int -1)
                  | [potion of mutation]
 40907 | D:14     | Mangled by Agnes
 40908 | D:14     | Reached XP level 14. HP: -12/67 MP: 6/29
 41214 | Orc:2    | Killed Anandil's ghost
 41322 | Elf:1    | Entered Level 1 of the Elven Halls
 41326 | Elf:1    | Paralysed by an air elemental for 1 turns
 41470 | Elf:1    | Reached XP level 15. HP: 56/72 MP: 13/30
 42093 | Orc:1    | Bought a scroll of teleportation for 45 gold pieces
 42183 | D:9      | Bought a scroll of teleportation for 48 gold pieces
 42183 | D:9      | Bought a scroll of teleportation for 48 gold pieces
 42336 | Snake:2  | Reached skill level 15 in Transmutations
 42447 | Snake:2  | Found a runed translucent door.
 42450 | Snake:2  | Reached skill level 5 in Evocations
 42452 | Snake:2  | Found a shimmering altar of Xom.
 42452 | Snake:2  | Noticed PrincessEmiBear's ghost (journeyman MiHu)
 42461 | Snake:2  | Identified the +6 great mace of Iptikk {chaos, Contam *Rage
                  | Int+6 Stlth+}
 42732 | Snake:2  | Found a bloodstained altar of Trog.
 43174 | Snake:2  | Killed Nikola
 44259 | Snake:3  | Found a runed translucent door.
 44445 | Snake:3  | Reached skill level 15 in Dodging
 44475 | Snake:3  | Noticed Vashnia
 44528 | Snake:1  | Learned a level 5 spell: Yara's Violent Unravelling
 44996 | Swamp:2  | Killed a fenstrider witch
 45104 | Swamp:2  | You fall into a shaft and drop 1 floor!
 45104 | Swamp:3  | Noticed Jorgrun
 45326 | Swamp:2  | Reached XP level 16. HP: 76/76 MP: 20/32
 45671 | Swamp:3  | Found a hazy altar of Hepliaklqana.
 45687 | Swamp:3  | Killed Jorgrun
 45742 | Swamp:3  | Noticed Aizul
 45745 | Swamp:3  | Noticed Bai Suzhen
 46881 | Slime:1  | Entered Level 1 of the Pits of Slime
 46917 | Slime:1  | You are sucked into a shaft and drop 1 floor!
 46918 | Slime:2  | Noticed an acid blob
 46925 | Slime:2  | Noticed an acid blob
 47520 | Snake:2  | Killed PrincessEmiBear's ghost
 48242 | Snake:3  | Identified the +12 shortbow "Awapaeno" {elec, Str+2}
 48305 | Snake:4  | Entered Level 4 of the Snake Pit
 48726 | Snake:3  | HP: 3/77 [naga sharpshooter/bolt[Vashnia] (16)]
 49063 | Swamp:3  | Killed Aizul
 49328 | Swamp:3  | Killed Bai Suzhen
 49682 | Swamp:4  | Entered Level 4 of the Swamp
 51377 | Swamp:4  | Reached XP level 17. HP: 81/81 MP: 13/33
 51383 | Swamp:3  | Learned a level 3 spell: Tukima's Dance
 51831 | Swamp:4  | Got a decaying rune of Zot
 52681 | Snake:3  | Shot with an arrow by a naga sharpshooter
 52682 | Snake:3  | Reached XP level 16. HP: -6/77 MP: 13/32
 53148 | D:14     | Found a gate to the Vaults.
 53168 | D:14     | Learned a level 2 spell: Wereblood
 53172 | Vaults:1 | Entered Level 1 of the Vaults
 53211 | Vaults:1 | Noticed a sphinx
 53216 | Vaults:1 | Killed a sphinx
 53331 | Vaults:1 | Reached skill level 10 in Unarmed Combat
 53459 | Vaults:1 | Noticed a golden dragon
 53480 | Vaults:1 | Killed a golden dragon
 53481 | Vaults:1 | Reached skill level 16 in Dodging
 53997 | Vaults:1 | Noticed a sphinx
 54003 | Vaults:1 | Killed a sphinx
 54715 | Vaults:1 | Noticed a tengu reaver
 54724 | Vaults:1 | Killed a tengu reaver
 54843 | Vaults:1 | Noticed an ancient lich
 54856 | Vaults:1 | Killed an ancient lich
 54937 | Vaults:1 | Noticed a sphinx
 54943 | Vaults:1 | Killed a sphinx
 55054 | Vaults:1 | Reached skill level 5 in Stealth
 55444 | D:14     | Bought a scroll of blinking for 82 gold pieces
 55444 | D:14     | Bought a scroll of fear for 44 gold pieces
 55891 | Vaults:1 | Reached XP level 17. HP: 68/82 MP: 30/34
 57120 | Vaults:2 | Found a staircase to the Crypt.
 58359 | Vaults:2 | Found a runed translucent gate.
 58359 | Vaults:2 | Found a runed translucent gate.
 58359 | Vaults:2 | Found an opulent altar of Gozag.
 58359 | Vaults:2 | Found a runed translucent gate.
 58359 | Vaults:2 | Noticed Xafer's ghost (adept DsGl)
 58363 | Vaults:2 | Found Pymneh's Assorted Antiques.
 59082 | Vaults:3 | Reached skill level 17 in Dodging
 59995 | Vaults:2 | Reached skill level 15 in Translocations
 60635 | D:14     | Bought a scroll of fog for 44 gold pieces
 60731 | D:14     | Killed Agnes
 61306 | D:15     | Killed Nessos
 61620 | D:15     | Reached XP level 18. HP: 87/87 MP: 29/35
 61677 | D:15     | Killed Rupert
 61942 | D:15     | Noticed Louise
 61957 | D:15     | Killed Louise
 61998 | D:15     | Found a staircase to the Depths.
 62702 | Vaults:2 | Bought a potion of heal wounds for 160 gold pieces
 62702 | Vaults:2 | Bought a condenser vane for 1280 gold pieces
 63970 | Vaults:4 | Found Titisaf's Weapon Emporium.
 64003 | Vaults:4 | Found a magical portal.
 64008 | WizLab   | Entered Iskenderun's Mystic Tower
 64999 | WizLab   | HP: 2/87 [disintegration (21)]
 65001 | WizLab   | Blown up by a conjurer statue

Illustrated notes

Levels and vault maps discovered:
D:1:      denvon_arrival_planthouse, layout_basic,
          shapermc_ecumenical_altar_hornbeckon
D:2:      layout_basic, minmay_goblin_kobold_house, uniq_crazy_yiuf_cottage
D:3:      layout_rooms
D:4:      layout_basic, mainiacjoe_overflow_boulevard,
          mainiacjoe_overflow_small_starburst, grunt_temple_overflow_open,
          biasface_ghost_orc_armoury, minivault_23
D:5:      layout_rooms, mainiacjoe_overflow_24_doors, temple_statues,
          enter_ossuary_2
D:6:      layout_rooms, ebering_ghost_sewer_d, minmay_manual_moon
D:7:      layout_loops_ring
D:8:      layout_basic, solitary_fountain, jiyva_altar_1
D:9:      nzn_winding_woodlands_medium [nzn_winding_woodlands_5x5_checkerboard,
          nzn_winding_woodlands_5x15_parted,
          nzn_winding_woodlands_5x5_open_star,
          nzn_winding_woodlands_5x5_perimeter,
          nzn_winding_woodlands_center_garden, nzn_winding_woodlands_5x5_three,
          nzn_winding_woodlands_5x5_default,
          nzn_winding_woodlands_5x15_sidewinder,
          nzn_winding_woodlands_5x5_default], layout_small_grid,
          due_lair_maze_entry_diamond
D:10:     layout_irregular_city, nicolae_gozag_seed_capital, minivault_16,
          uniq_fannar
D:11:     layout_roguey, grunt_ministairs_14
D:12:     layout_loops_ring, nicolae_trove_entry_isolated
D:13:     layout_gridville
D:14:     layout_roguey, grunt_vaults_entry_tiered, chequers_big_river,
          serial_nicolae_subway, nicolae_sub_station_crystal,
          nicolae_sub_station_metal, nicolae_sub_station_stone, uniq_agnes,
          uniq_kirke
D:15:     grunt_enter_depths_magical_seal, layout_loops_cross,
          small_statue_intersection, uniq_josephine, uniq_louise, uniq_nessos,
          uniq_rupert
Temple:   minmay_freezing_vapour_temple
Lair:1:   layout_cave_shapes, st_stairs_11, nicolae_quartered_pool_super,
          lemuel_old_faithful, serial_bayou_shore_b
Lair:2:   layout_loops_ring, minmay_snake_entry_six_corridors,
          grunt_megastairs_1, uniq_maggie, uniq_sonja
Lair:3:   layout_regular_city, palyth_hydra_swamp_entry,
          minmay_shattered_shrine, serial_bayou_shore_b, uniq_amaemon,
          uniq_nergalle
Lair:4:   layout_gridlike, slime_entry_1
Lair:5:   grunt_lair_end_beastmaster, layout_cave_pods, disabler_island,
          lemuel_fruit_tree, lemuel_fruit_fields
Swamp:1:  layout_basic_swamp, evilmike_swamp_ruin_house_4, swamp_pool4
Swamp:2:  layout_basic_swamp, nicolae_swamp_triple_paths, swamp_pool5
Swamp:3:  layout_falls_marsh, lemuel_altar_in_water2, uniq_jorgrun, uniq_aizul,
          uniq_bai_suzhen
Swamp:4:  swamp_alternative, layout_basic_swamp, infiniplex_staircase_pool_2
Snake:1:  layout_grid_maze
Snake:2:  layout_rooms, basic_altar, ebering_ghost_xom,
          nicolae_snake_salamander_stairs, serial_bayou_shore_b, uniq_nikola
Snake:3:  cheibrodos_toxic_ritual, layout_cave_pods, uniq_vashnia
Snake:4:  grunt_snake_rune_serpentine_throne, layout_cave_town, serial_shops,
          nicolae_shop_hallway_plus
Slime:1:  layout_caves
Slime:2:  layout_caves, nicolae_slime_round_cave
Orc:1:    layout_diamond_mine, serial_shops, nicolae_shop_crystal, shop_statue,
          nicolae_shop_tiny_statue_garden, basic_altar
Orc:2:    st_orc_town, layout_diamond_mine, gammafunk_ghost_stat_death,
          mines1_david
Elf:1:    nicolae_elf_arrival_aired_out, layout_rooms, serial_shops, shop,
          hangedman_elven_crosses_minicolossus, drop_trap
Vaults:1: nicolae_vaults_shipping_containers_6, nicolae_vaults_sightless_eye,
          nicolae_vaults_three_branches, nicolae_vaults_shelves_hall, v_rooms_1,
          v_misc_5, nicolae_vaults_little_squares_3,
          nicolae_vaults_network_barrier, v_misc_32,
          nicolae_vaults_offset_grid_hallway_3, layout_vaults_maze
Vaults:2: ebering_ghost_gozag, grunt_vaults_focal, v_misc_19,
          nicolae_vaults_rhombus_5, vaults_room_boxed,
          nicolae_vaults_tetromino_T_1, ontoclasm_vaults_chip,
          layout_vaults_omnigrid, dummy_crypt_entry
Vaults:3: hangedman_vaults_cutoff, nicolae_vaults_security_offices_4,
          nicolae_vaults_double_plus_1, nicolae_vaults_heart-shaped_vault,
          nicolae_vaults_six-pack, v_pattern_3, nicolae_vaults_big_angled_halls,
          ontoclasm_vaults_gateway, v_misc_25, layout_vaults_omnicross
Vaults:4: mu_enter_wizlab_2, v_misc_8, ontoclasm_vaults_ring_small, v_misc_16,
          nicolae_vaults_surprise_closet, v_misc_14, vaults_mumra_hex,
          nicolae_vaults_house_3, nicolae_vaults_taking_the_gang_shopping,
          ontoclasm_vaults_gallery, nicolae_vaults_house_1, vaults_room_pool,
          vaults_room_corners, hangedman_vaults_stretched_pinwheel,
          vaults_room_door_ring, ontoclasm_vaults_ligature, layout_vaults_ring,
          serial_shops, shop
WizLab:   wizlab_iskenderun

Skill      XL: |  1  2  3  4  5  6  7  8  9 10 11 12 13 14 15 16 17 18 |
---------------+-------------------------------------------------------+-----
Fighting       | 1 2 3 5 6 7 9 11 12 13 14 | 14.1
Summonings     | 5 6 7 8 9 10 | 10.8
Spellcasting   | 3 4 5 6 7 10 11 12 | 12.5
Hexes          | 1 2 3 4 5 |  5.0
Dodging        | 3 4 5 7 8 9 14 13 15 16 17 | 17.6
Stealth        | 3 4 5 |  5.0
Air Magic      | 1 5 6 7 8 9 11 12 13 14 | 14.0
Translocations | 2 5 11 14 15 | 15.0
Evocations     | 3 4 5 6 7 |  7.0
Unarmed Combat | 1 2 7 10 12 13 | 13.2
Transmutations | 2 7 11 13 15 16 | 16.2

Action                     |  1- 3 |  4- 6 |  7- 9 | 10-12 | 13-15 | 16-18 || total
---------------------------+-------+-------+-------+-------+-------+-------++-------
  Melee: Unarmed           |    59 |    93 |   128 |   241 |   444 |   897 ||  1862
         Bite              |     9 |    11 |    17 |    35 |    17 |     2 ||    91
         Punch             |     1 |       |     2 |     5 |    23 |   109 ||   140
   Cast: Summon Small Mamm |    45 |    36 |    25 |    53 |    70 |       ||   229
         Call Imp          |    13 |    33 |    77 |   161 |    85 |       ||   369
         Call Canine Famil |       |    22 |    81 |   152 |   138 |    49 ||   442
         Summon Guardian G |       |     1 |    11 |    58 |    97 |    43 ||   210
         Summon Lightning  |       |       |    14 |   114 |   150 |   109 ||   387
         Blink             |       |       |       |    13 |    15 |    11 ||    39
         Summon Forest     |       |       |       |       |    97 |    84 ||   181
         Storm Form        |       |       |       |       |    42 |   142 ||   184
         Swiftness         |       |       |       |       |     3 |     5 ||     8
         Manifold Assault  |       |       |       |       |     9 |    22 ||    31
         Yara's Violent Un |       |       |       |       |       |     5 ||     5
         Tukima's Dance    |       |       |       |       |       |    10 ||    10
         Wereblood         |       |       |       |       |       |     1 ||     1
 Invoke: Call Merchant     |       |       |       |     1 |     2 |     2 ||     5
         Potion Petition   |       |       |       |       |     1 |     1 ||     2
Ability: Blinkbolt         |       |       |       |       |    14 |    58 ||    72
  Evoke: Wand              |       |       |       |     2 |     8 |     2 ||    12
         Phial of floods   |       |       |       |       |       |     1 ||     1
         Box of beasts     |       |       |       |       |       |     1 ||     1
    Use: Potion            |       |     1 |     1 |     3 |     2 |     9 ||    16
         Scroll            |       |     5 |     5 |     7 |    23 |    18 ||    58
   Stab: Sleeping          |     2 |    10 |     1 |       |     1 |     4 ||    18
         Distracted        |       |     3 |     6 |     7 |    17 |    30 ||    63
         Confused          |       |       |       |       |       |     1 ||     1
 Armour: Skin              |     7 |    15 |     9 |    10 |    51 |    91 ||   183
  Dodge: Dodged            |    76 |   113 |   177 |   370 |   555 |   972 ||  2263
  Block: Other             |       |       |       |       |    98 |   131 ||   229
         Reflection        |       |       |       |       |    13 |    15 ||    28
